 Dungeon Crawl Stone Soup version 0.30-a0-29-g142975f185 (webtiles) character file.

Game seed: 6980090800781353746

58 Spectrina the Ducker (level 3, -1/23 HPs)
             Began as a Deep Elf Monk on Aug 26, 2022.
             Was a Priest of Kikubaaqudgha.
             Slain by an adder (3 damage)
             ... on level 2 of the Dungeon.
             The game lasted 00:09:07 (854 turns).

Spectrina the Ducker (Deep Elf Monk)                 Turns: 854, Time: 00:09:08

Health: -1/23      AC:  2    Str:  8    XL:     3   Next: 75%
Magic:  0/5        EV: 14    Int: 16    God:    Kikubaaqudgha [***...]
Gold:   54         SH:  0    Dex: 19    Spells: 1/2 levels left

rFire   . . .      SeeInvis .    a - +0 short sword
rCold   . . .      Faith    .    (no shield)
rNeg    . . .      Spirit   .    b - +0 robe
rPois   .          Reflect  .    (no helmet)
rElec   .          Harm     .    (no cloak)
rCorr   .          Rampage  .    (no gloves)
Will    .....                    (no boots)
Stlth   ++++......               (no amulet)
HPRegen 0.07/turn                h - ring of flight
MPRegen 0.09/turn                (no ring)

@: flying, very slightly contaminated
A: thin skeletal structure 1, subdued magic 1
a: Renounce Religion, Unearth Wretches


You were on level 2 of the Dungeon.
You worshipped Kikubaaqudgha.
Kikubaaqudgha was most pleased with you.
You visited 1 branch of the dungeon, and saw 2 of its levels.

You collected 54 gold pieces.

Inventory:

Hand Weapons
 a - a +0 short sword (weapon)
Missiles
 e - 2 poisoned darts (quivered)
Armour
 b - a +0 robe (worn)
Jewellery
 h - a ring of flight (left hand)
Scrolls
 d - 2 scrolls of noise {unknown}
 f - a scroll of silence {unknown}
 i - a scroll of amnesia {unknown}
 j - a scroll of vulnerability {unknown}
 k - 3 scrolls of identify {unknown}


   Skills:
 + Level 3.4 Fighting
 - Level 3.0 Short Blades
 - Level 3.6 Dodging
 + Level 3.1 Stealth
 + Level 0.0 Spellcasting
 * Level 1.7 Necromancy


You had one spell level left.
You knew the following spells:

 Your Spells              Type           Power      Damage    Failure   Level
a - Necrotise             Necr           16%        1d4       10%         1

Your spell library contained the following spells:

 Spells                   Type           Power      Damage    Failure   Level
 Sublimation of Blood     Necr           4%         N/A       16%         2
 Vampiric Draining        Necr           4%         2d6       32%         3
 Animate Dead             Necr           4%         N/A       73%         4
 Dispel Undead            Necr           4%         3d7       73%         4
 Corpse Rot               Necr/Pois/Air  1%         N/A       87%         4
 Agony                    Necr           4%         N/A       97%         5
 Borgnjor's Vile Clutch   Necr/Erth      1%         N/A       99%         5
 Death Channel            Necr           2%         N/A       100%        6


Dungeon Overview and Level Annotations

Branches:
Dungeon (2/15)

Altars:
Kikubaaqudgha


Innate Abilities, Weirdness & Mutations

You have a somewhat thin skeletal structure. (Dex +2, Stealth+)
Your spells are a little easier to cast, but a little less powerful.


Message History

It was a potion of curing.
You feel better. The adder barely misses you. The quokka barely misses you.
The adder bites you but does no damage.
Unknown command.
The adder attacks as you move away! The adder closely misses you.
The quokka bites you but does no damage.
Casting: Necrotise (safe; 10% risk of failure)
Confirm with . or Enter, or press ? or * to list all spells.
Aiming: Necrotise (safe; 10% risk of failure)
Press: ? - help, Shift-Dir - straight line, f/p - quokka
Aim: a quokka (chance to affect: 65%)
You miscast Necrotise.
You are very lightly contaminated with residual magic.
Nothing appears to happen.
The quokka misses you. The goblin barely misses you.
Unknown command.
Casting: Necrotise (safe; 10% risk of failure)
Confirm with . or Enter, or press ? or * to list all spells.
Aiming: Necrotise (safe; 10% risk of failure)
Press: ? - help, Shift-Dir - straight line, f/p - quokka
Aim: a quokka (chance to affect: 65%)
The quokka writhes in agony.
The quokka closely misses you. The goblin hits you with a +0 club.
The quokka bites you.
* * * LOW HITPOINT WARNING * * *
Unknown command.
Unknown command.
You hit the quokka.
You kill the quokka!
Kikubaaqudgha accepts your kill. The goblin misses you.
Unknown command.
You hit the goblin.
The goblin is severely wounded.
The goblin hits you but does no damage.
You hit the goblin.
You kill the goblin!
Kikubaaqudgha accepts your kill. The adder bites you but does no damage.
You hit the adder but do no damage. The adder barely misses you.
You closely miss the adder. The adder bites you.
You die...
Kikubaaqudgha rasps: "You have failed me!
Welcome... death!"

###..<............##..##........
# #.......#......##....##.......
## ##............##..##..##...>..
.#####...#..)...##....##..##.....
..............###..##.S##..##.#..
..###.........##=$## ...##..###..
............ ##..## ##..##..##..
..w.........##.S## #.g##..##.
#g.r. ##.@# ##..##†.##.. .....
##..# ...##.)##.#. .....
##..##..##..##.... .....
#....##..##.#### ....
####..##.[##..# #..
J..##..##....##...# ..
........##..##..### . #....##...#
#...##....#


You could see an adder.

Vanquished Creatures
  A worm (D:2)
  3 dart slugs
  4 ball pythons
  4 endoplasms
  5 giant cockroaches
  3 goblins
  3 hobgoblins
  2 jackals (D:1)
  3 quokkas (D:2)
  6 bats
  2 frilled lizards
  3 kobolds
  3 rats (D:1)
42 creatures vanquished.

Vanquished Creatures (collateral kills)
  A goblin (D:1)
  A jackal (D:1)
  A rat (D:1)
3 creatures vanquished.

Vanquished Creatures (others)
  4 plants (D:1)
4 creatures vanquished.

Grand Total: 49 creatures vanquished

Notes
Turn   | Place    | Note
-------+----------+-------------------------------------------
     0 | D:1      | Spectrina the Deep Elf Monk began the quest for the Orb.
     0 | D:1      | Reached XP level 1. HP: 13/13 MP: 3/3
   105 | D:2      | Reached XP level 2. HP: 8/19 MP: 4/4
   299 | D:1      | Found a faded altar of an unknown god.
   306 | D:1      | Prayed at the altar of an unknown god.
   306 | D:1      | Became a worshipper of Kikubaaqudgha
   306 | D:1      | Reached * piety under Kikubaaqudgha
   306 | D:1      | Received a gift from Kikubaaqudgha
   306 | D:1      | Reached ** piety under Kikubaaqudgha
   309 | D:1      | Learned a level 1 spell: Necrotise
   377 | D:1      | Reached XP level 3. HP: 12/23 MP: 2/5
   437 | D:1      | Reached *** piety under Kikubaaqudgha
   437 | D:1      | Received a gift from Kikubaaqudgha
   455 | D:1      | Reached skill level 1 in Necromancy
   842 | D:2      | Gained mutation: You have a somewhat thin skeletal
                  | structure. (Dex +2, Stealth+) [potion of mutation]
   842 | D:2      | Gained mutation: Your spells are a little easier to cast,
                  | but a little less powerful. [potion of mutation]
   843 | D:2      | HP: 1/23 [adder (3)]
   854 | D:2      | Slain by an adder

Illustrated notes

Levels and vault maps discovered:
D:1:      roderic_crop_circles_arrival_small, layout_loops_cross,
          dreamdust_ecumenical_altar_hidden_monk_grotto,
          hangedman_decor_riveting, minmay_tripent
D:2:      minmay_alternating_diamond, layout_rooms, minmay_misc_feat_plants,
          minmay_pentomino_r4, uniq_natasha

Skill      XL: |  1  2  3 |
---------------+----------+-----
Fighting       | 3 |  3.4
Necromancy     | 1 |  1.7
Stealth        | 3 |  3.1
Short Blades   | |  3.0
Dodging        | |  3.6

Action                   || total
-------------------------++-------
Melee: Short sword       ||   135
       Punch             ||     3
 Cast: Necrotise         ||    26
  Use: Potion            ||     5
 Stab: Sleeping          ||    14
Armor: Robe              ||    22
Dodge: Dodged            ||    85

Table legend: (Time is in decaauts)
 A = Elapsed time spent in this place.
 B = Non-inter-level travel time spent in this place.
 C = Inter-level travel time spent in this place.
 D = Time resting spent in this place.
 E = Time spent auto-exploring this place.
 F = Levels seen in this place.
 G = Mean time per level.
                   A        B        C        D        E       F      G
               +--------+--------+--------+--------+--------+-----+--------+
         Total |    847 |    791 |     56 |      0 |      0 |   2 |  423.5 |
       Dungeon |    847 |    791 |     56 |      0 |      0 |   2 |  423.5 |
               +--------+--------+--------+--------+--------+-----+--------+

Top non-repeatable levels by time:
     D:1: 548 daAuts
     D:2: 299 daAuts
